 Dungeon Crawl Stone Soup version 0.20-a0-700-gbd4582c (webtiles) character file.

59 Alarkh the Slasher (level 3, -1/27 HPs)
             Began as a Mummy Skald on Feb 20, 2017.
             Slain by Natasha (4 damage)
             ... on level 2 of the Dungeon.
             The game lasted 00:02:13 (2159 turns).

Alarkh the Slasher (Mummy Skald)                    Turns: 2159, Time: 00:02:14

Health: -1/27      AC:  1    Str: 14    XL:     3   Next: 78%
Magic:  7/7        EV: 12    Int: 13    God:
Gold:   83         SH:  0    Dex: 11    Spells: 2/8 levels left

rFire    x . .     SeeInvis .   a - +0 falchion
rCold    + . .     Gourm    .   f - -2 robe (curse)
rNeg     + + +     Faith    .   (no shield)
rPois    ∞         Spirit   .   j - +0 helmet
rElec    .         Reflect  .   (no cloak)
rCorr    .         Harm     .   (no gloves)
MR       .....                  (no boots)
Stlth    +.........             (no amulet)
Regen    0.1/turn               (no ring)
MPRegen  0.1/turn               (no ring)

@: infused
A: no food or potions, fire vulnerability, cold resistance 1, negative energy
resistance 3, torment resistance, unbreathing
a: no special abilities


You were on level 2 of the Dungeon.
You were not hungry.

You visited 1 branch of the dungeon, and saw 2 of its levels.

You collected 83 gold pieces.

Inventory:

Hand Weapons
 a - a +0 falchion (weapon)
Armour
 b - a +0 leather armour
 f - a cursed -2 robe (worn)
 j - a +0 helmet (worn)
 k - a +0 buckler
Scrolls
 d - a scroll of amnesia
 e - a scroll of identify
 g - a scroll of teleportation
 h - a scroll of magic mapping {unknown}
 i - a scroll of recharging {unknown}
 l - a scroll of immolation {unknown}
Books
 c - a book of Battle

   Spells                             Type                      Level
   a - Infusion                       Charms                       1
   b - Shroud of Golubria             Charms/Translocation         2
   c - Song of Slaying                Charms                       2
   d - Spectral Weapon                Hexes/Charms                 3
   e - Regeneration                   Charms/Necromancy            3


   Skills:
 - Level 2.0 Fighting
 * Level 3.0 Long Blades
 - Level 0.7 Armour
 - Level 1.5 Dodging
 + Level 3.0 Spellcasting
 + Level 2.7 Charms


You had 2 spell levels left.
You knew the following spells:

 Your Spells              Type           Power        Failure   Level  Hunger
a - Infusion              Chrm           #...         10%         1    N/A
b - Shroud of Golubria    Chrm/Tloc      #.........   21%         2    N/A
c - Spectral Weapon       Hex/Chrm       #.......     38%         3    N/A

Dungeon Overview and Level Annotations

Branches:
Dungeon (2/15)

Altars:
Cheibriados

Annotations:
D:2 Natasha


Innate Abilities, Weirdness & Mutations

You do not eat or drink.
Your flesh is vulnerable to fire.
You are immune to poison.
Your flesh is cold resistant. (rC+)
You are immune to negative energy. (rN+++)
You are immune to unholy pain and torment.
You can survive without breathing.


Message History

The puff of frost hits you! You resist. Natasha casts a spell at you.
The magic dart hits you!
* * * LOW HITPOINT WARNING * * *
You closely miss Natasha.
The white imp laughs crazily.
The white imp hits you.
* * * LOW HITPOINT WARNING * * *
The white imp freezes you. You resist.
* * * LOW HITPOINT WARNING * * *
Natasha claws you but does no damage.
You barely miss Natasha. The white imp closely misses you.
You riposte.
You barely miss the white imp. Natasha barely misses you.
You hit Natasha but do no damage. The white imp gestures at you.
The puff of frost misses you. Natasha closely misses you.
You closely miss Natasha.
The white imp hits you but does no damage.
Natasha claws you.
You die...

#### ..w
#w. #..
#).####
#..wh.#
#.###@# #
#5# #.# #.#
### #.# #..
#.# #.# #.#
#.# #.#
.######.###
#.#


You could see Natasha, a white imp and a dart slug.

Vanquished Creatures
  2 adders
  A worm (D:2)
  2 giant cockroaches (D:1)
  5 goblins
  4 hobgoblins
  3 jackals (D:2)
  5 kobolds (D:1)
  A quokka (D:2)
  4 bats
  2 frilled lizards
  9 rats
38 creatures vanquished.

Notes
Turn   | Place    | Note
-------+----------+-------------------------------------------
     0 | D:1      | Alarkh the Mummy Skald began the quest for the Orb.
     0 | D:1      | Reached XP level 1. HP: 16/16 MP: 4/4
   176 | D:1      | Reached XP level 2. HP: 9/22 MP: 5/5
  1193 | D:1      | Reached XP level 3. HP: 17/27 MP: 2/7
  1197 | D:1      | Learned a level 2 spell: Shroud of Golubria
  1201 | D:1      | Learned a level 3 spell: Spectral Weapon
  1330 | D:2      | Found a snail-covered altar of Cheibriados.
  2152 | D:2      | Noticed Natasha
  2159 | D:2      | Slain by Natasha

Vault maps used:
D:1:      minmay_arrival_checkered_box, grunt_decor_mini_mirrors
D:2:      cheibriados_altar_1, uniq_natasha

Skill      XL: |  1  2  3 |
---------------+----------+-----
Long Blades    | 2 3 |  3.0
Spellcasting   | 3 |  3.0
Fighting       | |  2.0
Armour         | |  0.7
Dodging        | |  1.5
Charms         | |  2.7

Action                   || total
-------------------------++-------
Melee: Falchion          ||    91
 Cast: Infusion          ||    16
  Use: Scroll            ||     2
 Stab: Sleeping          ||     1
Armor: Leather armour    ||    15
       Robe              ||     3
Dodge: Dodged            ||    52
       Rpst.: Falchion   ||    21
